 Dungeon Crawl Stone Soup version 0.30.0-5-g1a98f26d00 (webtiles) character file.

Game seed: 7040470242443017896

9828 Esekla the Thaumaturge (level 11, -10/130 HPs)
             Began as a Barachi Cinder Acolyte on May 11, 2023.
             Was a Believer of Ignis.
             Succumbed to a cane toad's poison
             ... on level 1 of the Lair of Beasts.
             The game lasted 00:43:46 (11081 turns).

Esekla the Thaumaturge (Barachi Cinder Acolyte)    Turns: 11081, Time: 00:43:46

Health: -10/130    AC: 32    Str: 16    XL:     11   Next: 52%
Magic:  25/25      EV:  2    Int: 19    God:    Ignis [**....]
Gold:   405        SH: 26    Dex:  7    Spells: 26/31 levels left

rFire   + . .        f - +2 scimitar (flame)
rCold   . . .        F - +18 shield of the Gong {Loud rN+ Will+ rCorr EV-5}
rNeg    + . .        b - melded +0 robe
rPois   +            A - melded +2 helmet
rElec   .            (cloak currently unavailable)
rCorr   +            (gloves currently unavailable)
SInv    .            c - melded +2 pair of boots
Will    +....        w - amulet of the acrobat
Stlth   ++           (no ring)
HPRegen 0.41/turn    (no ring)
MPRegen 0.19/turn

%: acrobat
@: lethally poisoned (-10 -> -54), tree-form, on berserk cooldown,
fiery-armoured, slowed, very slow
A: stationary, stasis, torment immunity, boosted hp, (amphibious), (slowness 1),
(strong legs 1), +LOS
a: Renounce Religion, Fiery Armour, Foxfire Swarm


You were on level 1 of the Lair of Beasts.
You worshipped Ignis.
Ignis was pleased with you.
You were a tree.
You visited 2 branches of the dungeon, and saw 10 of its levels.
You also visited: Ossuary.

You collected 405 gold pieces.

Inventory:

Hand Weapons
 a - a +2 scimitar
 f - a +2 scimitar of flaming (weapon)
 r - a +5 spear of flaming
 s - a +1 dagger of protection
 D - a +2 great sword
Missiles
 n - 33 poisoned darts (quivered)
 p - 5 silver javelins
 B - a boomerang
Armour
 b - a +0 robe (melded)
 c - a +2 pair of boots (melded)
 A - a +2 helmet (melded)
 F - the +18 shield of the Gong (worn) {Loud rN+ Will+ rCorr EV-5}
   (You found it on level 8 of the Dungeon)

   Loud:      It is deafeningly noisy when blocking attacks.
   EV:        It affects your evasion (-5).
   rN:        It protects you from negative energy.
   rCorr:     It protects you from acid and corrosion.
   Will:      It increases your willpower.
 G - +0 steam dragon scales
Jewellery
 t - a ring of fire
 w - an amulet of the acrobat (around neck)
Wands
 E - a wand of iceblast (11)
 H - a wand of quicksilver (15)
Scrolls
 e - 5 scrolls of teleportation {unknown}
 g - 3 scrolls of poison {unknown}
 j - 3 scrolls of identify
 l - a scroll of enchant weapon {unknown}
 o - 4 scrolls of noise {unknown}
 q - 3 scrolls of enchant armour
 v - a scroll of amnesia {unknown}
 y - a scroll of fear {unknown}
Potions
 d - a potion of attraction
 h - a potion of haste
 k - a potion of magic
 m - 5 potions of brilliance
 x - a potion of might
 z - 2 potions of mutation
 C - a potion of lignification


   Skills:
 * Level 8.7 Fighting
 + Level 0.1(5.5) Short Blades
 * Level 9.8 Long Blades
 + Level 1.0 Throwing
 + Level 5.0 Dodging
 + Level 2.0 Stealth
 * Level 5.6 Shields
 * Level 10.7 Spellcasting
 * Level 0.9 Necromancy
 + Level 8.1 Fire Magic


You had 26 spell levels left.
You knew the following spells:

 Your Spells              Type           Power      Damage    Failure   Level
d - Vampiric Draining     Necr           13%        2d6       36%         3
o - Scorch                Fire           82%        2d8       1%          2

Your spell library contained the following spells:

 Spells                   Type           Power      Damage    Failure   Level
 Necrotise                Necr           52%        1d6       12%         1
 Agony                    Necr           13%        N/A       98%         5


Dungeon Overview and Level Annotations

Branches:
Dungeon (9/15)               Lair (1/5) D:8         Ossuary (visited)
 Temple: D:4-7          Orc: D:9-12

Altars:
The Shining One

Annotations:
D:2 1 runed translucent door, Crazy Yiuf
Lair:1 Nergalle


Innate Abilities, Weirdness & Mutations

You are a tree.
Your roots penetrate the ground, keeping you stationary.
You cannot be teleported.
You are immune to unholy pain and torment.
Your maximum health is greatly increased.
Your equipment is partially melded.
((You are amphibious.))
((You cover ground slowly.))
((You can hop short distances.))
You have an extended range of vision and can be seen from far away.


Message History

Nergalle hits you with a +0 dagger. You block the cane toad's attack.
GONNNNG!
You feel sick. The cane toad misses you.
You slash the cane toad! You burn the cane toad!
The cane toad is heavily wounded.
You feel sick.
You are no longer poisoned.
The cane toad stings you.
You are poisoned.
The cane toad poisons you! The cane toad stings you!
* * * LOW HITPOINT WARNING * * *
The cane toad is burned by your cloak of flames.
The cane toad is severely wounded.
You hit the cane toad but do no damage.
The cane toad is severely wounded.
You feel very sick. You block the cane toad's attack.
BOUMMMMG!
You block the cane toad's attack.
GONNNNG!
You hear a croak.
You hit the cane toad but do no damage.
The cane toad is severely wounded.
You feel very sick. The cane toad stings you.
* * * LOW HITPOINT WARNING * * *
You are lethally poisoned!
The cane toad poisons you!
The cane toad is burned by your cloak of flames.
The cane toad is severely wounded.
The cane toad stings you!
* * * LOW HITPOINT WARNING * * *
You are more poisoned.
The cane toad poisons you!
The cane toad is burned by your cloak of flames.
The cane toad is severely wounded.
Really quaff the potion of lignification?
You turn into a tree.
Your +2 helmet melds into your body.
Your +2 pair of boots melds into your body.
Your +0 robe melds into your body.
Your roots penetrate the ground.
You die...

.... #.#.##............# ....
.....#............#
.F####.#.#.#.......#...##
#..##..............#...P# ..
##..K.#.#.#.............P#
....##...##.....##.....<#....##
......†....#.#)####....#.#....#
##...##.......FF##......#.....#
#. ##...#.#.#♣.............#
#.....o...#............#
###...#.#.##.............#
#P.........#.............#
.........#.#.###...........##
...###......###.#.........##
### ######## ####.......#.#
##.######## ###


You could see Nergalle, a cane toad and a bullfrog.

Vanquished Creatures
  Erica (D:8)
  Sonja (Lair:1)
  Amaemon (D:8)
  Pikel (D:8)
  2 vault sentinels (D:8)
  An orange demon (D:8)
  A cane toad (Lair:1)
  Maggie (D:8)
  Grinder (D:4)
  Prince Ribbit (D:5)
  A blink frog (Lair:1)
  2 hornets
  Sigmund (D:5)
  5 yaks (D:8)
  A wyvern (D:8)
  Eustachio (D:4)
  3 basilisks
  Menkaure (D:4)
  Duvessa (D:5)
  3 water moccasins
  An orc warrior (D:8)
  2 black bears
  4 sky beasts (D:7)
  A centaur (D:8)
  A lemure (D:8)
  2 phantoms
  3 kobold brigands
  A bullfrog (D:8)
  3 elf zombies (Ossuary)
  4 scorpions
  A gnoll sergeant (D:4)
  Dowan (D:5)
  10 wights
  2 centaur zombies (Ossuary)
  A hound (D:4)
  A jelly (D:7)
  3 orc priests
  3 gnoll boudas
  Jessica (D:2)
  2 iguanas
  6 orc wizards
  2 mummies (Ossuary)
  Robin (D:1)
  21 gnolls
  6 adders
  A shadow imp (D:7)
  2 white imps
  3 dart slugs
  16 orcs
  4 ball pythons
  4 endoplasms
  2 giant cockroaches
  15 goblins
  12 hobgoblins
  4 jackals (D:1)
  2 quokkas (D:2)
  6 bats
  A frilled lizard (D:2)
  2 goblin zombies
  9 hobgoblin zombies (Ossuary)
  17 kobolds
  11 kobold zombies (Ossuary)
  10 orc zombies (Ossuary)
  3 rats
  2 rat zombies
239 creatures vanquished.

Vanquished Creatures (others)
  An orc (D:7)
  A kobold (D:8)
2 creatures vanquished.

Grand Total: 241 creatures vanquished

Notes
Turn   | Place    | Note
-------+----------+-------------------------------------------
     0 | D:1      | Esekla the Barachi Cinder Acolyte began the quest for the
                  | Orb.
     0 | D:1      | Reached XP level 1. HP: 18/18 MP: 2/2
   341 | D:1      | Reached XP level 2. HP: 25/25 MP: 3/3
   396 | D:1      | Learned a level 2 spell: Scorch
  1015 | D:2      | Reached XP level 3. HP: 31/31 MP: 2/5
  1070 | D:2      | Noticed Jessica
  1288 | D:2      | Killed Jessica
  1289 | D:2      | Reached XP level 4. HP: 38/38 MP: 1/6
  1526 | D:3      | Reached skill level 2 in Spellcasting
  1607 | D:3      | Identified the +2 dagger of Zuril {spect, Will+}
  1700 | D:3      | Found a glowing golden altar of the Shining One.
  2113 | D:2      | Found a faded altar of an unknown god.
  2166 | D:2      | Reached skill level 5 in Long Blades
  2223 | D:2      | Noticed Robin
  2375 | D:2      | Reached XP level 5. HP: 42/43 MP: 1/8
  2497 | D:1      | Killed Robin
  2915 | D:2      | Found a runed translucent door.
  2916 | D:2      | Noticed Crazy Yiuf
  3868 | D:4      | Reached skill level 5 in Fighting
  3868 | D:4      | Reached XP level 6. HP: 51/51 MP: 5/10
  4183 | D:4      | Noticed Grinder
  4188 | D:4      | Paralysed by Grinder for 4 turns
  4200 | D:4      | Killed Grinder
  4201 | D:4      | Reached skill level 1 in Dodging
  4201 | D:4      | Reached skill level 3 in Spellcasting
  4201 | D:4      | Reached XP level 7. HP: 39/56 MP: 1/12
  4416 | D:5      | Entered Level 5 of the Dungeon
  4518 | D:5      | Noticed Prince Ribbit
  4519 | D:5      | Reached skill level 4 in Spellcasting
  4530 | D:5      | Killed Prince Ribbit
  4531 | D:5      | Reached skill level 1 in Stealth
  4743 | D:5      | Noticed Menkaure
  4882 | D:4      | Reached skill level 5 in Fire Magic
  5132 | D:4      | Killed Menkaure
  5133 | D:4      | Reached skill level 5 in Spellcasting
  5133 | D:4      | Reached XP level 8. HP: 38/64 MP: 12/15
  5339 | D:5      | Noticed Duvessa
  5339 | D:5      | Noticed Dowan
  5375 | D:5      | Killed Duvessa
  5377 | D:5      | Killed Dowan
  5504 | D:5      | Noticed Sigmund
  5530 | D:5      | Killed Sigmund
  5531 | D:5      | Reached skill level 6 in Spellcasting
  6206 | D:5      | Reached XP level 9. HP: 71/71 MP: 10/19
  6220 | D:5      | Noticed Eustachio
  6236 | D:4      | Killed Eustachio
  6237 | D:4      | Reached skill level 7 in Spellcasting
  7348 | D:7      | HP: 2/71 [something (5)]
  7352 | D:7      | Reached skill level 8 in Spellcasting
  7600 | D:7      | Found a sand-covered staircase.
  7612 | Ossuary  | Entered an ossuary
  8219 | D:7      | Noticed a hornet
  8227 | D:7      | Paralysed by a hornet for 1 turns
  8229 | D:7      | Killed a hornet
  8230 | D:7      | Reached XP level 10. HP: 61/79 MP: 11/22
  8705 | D:8      | Noticed a vault sentinel
  8705 | D:8      | Noticed a vault sentinel
  8742 | D:8      | Killed a vault sentinel
  8743 | D:8      | Reached skill level 9 in Spellcasting
  8749 | D:8      | Killed a vault sentinel
  9543 | D:8      | Found the +18 shield of the Gong {Loud rN+ Will+ rCorr
                  | EV-5}
  9666 | D:8      | Noticed Maggie
  9679 | D:8      | Killed Maggie
  9680 | D:8      | Noticed Amaemon
  9988 | D:8      | Noticed Pikel
 10012 | D:8      | Killed Pikel
 10013 | D:8      | Reached skill level 1 in Throwing
 10013 | D:8      | Reached skill level 1 in Shields
 10013 | D:8      | Reached skill level 10 in Spellcasting
 10090 | D:8      | Reached XP level 11. HP: 10/86 MP: 15/25
 10353 | D:8      | Found a staircase to the Lair.
 10360 | D:8      | Noticed Erica
 10420 | D:8      | Killed Erica
 10439 | D:8      | Killed Amaemon
 10440 | D:8      | Reached skill level 5 in Shields
 10607 | D:8      | Learned a level 3 spell: Vampiric Draining
 10940 | D:9      | Noticed a two-headed ogre
 10994 | Lair:1   | Entered Level 1 of the Lair of Beasts
 11040 | Lair:1   | Noticed Sonja
 11055 | Lair:1   | Noticed Nergalle
 11058 | Lair:1   | Killed Sonja
 11061 | Lair:1   | Reached skill level 5 in Dodging
 11080 | Lair:1   | HP: 2/87 [cane toad (12)]
 11081 | Lair:1   | Succumbed to a cane toad's poison

Illustrated notes

Levels and vault maps discovered:
D:1:      dpeg_arrival_solitude, layout_basic, serial_forest,
          infiniplex_forest_clump_diagonal, infiniplex_forest_clump_small,
          infiniplex_forest_lined_room_3, infiniplex_forest_straight_2,
          infiniplex_forest_zigzag_2, infiniplex_forest_3_way,
          infiniplex_forest_clump_curved, serial_bayou_crossing
D:2:      layout_loops_ring, dreamdust_ecumenical_altar_angels_and_demons,
          nicolae_grassy_gnolls, uniq_robin, uniq_crazy_yiuf_cottage,
          uniq_jessica
D:3:      layout_loops_corners, tso_altar
D:4:      layout_basic, corexii_hall_statues_deadend, uniq_grinder
D:5:      layout_loops_ring, uniq_duvessa, uniq_eustachio, uniq_prince_ribbit1,
          uniq_menkaure, uniq_sigmund
D:6:      kennysheep_housing_project, layout_gridville,
          minmay_temple_entry_glassed_door, chequers_serial_rivers_large_b,
          kennysheep_small_square
D:7:      layout_basic, enter_ossuary_4, minivault_24, minmay_misc_feat_roman
D:8:      layout_layer_cave, minmay_lair_entry_grove,
          hangedman_abyss_or_decor_clamps, hellmonk_guarded_unrand_gong,
          uniq_amaemon, uniq_pikel, uniq_erica, uniq_maggie
D:9:      layout_cave_pools, mainiacjoe_overflow_cross_hatched,
          serial_co_window_serial, co_window_paths_a, co_window_paths_b,
          co_window_corner_a, co_window_corner_a, co_window_of_opportunity_a,
          co_window_corner_b, co_window_broadway_b, co_window_of_opportunity_c,
          co_window_4corner_b, co_window_4corner_a, glass_columns_a,
          glass_columns_a, serial_shops, shop, minivault_8
Lair:1:   layout_gridlike, st_stairs_13, dreamdust_mushroom_princess,
          serial_bayou_lagoon_b, uniq_nergalle, uniq_urug, uniq_harold,
          uniq_sonja

Skill      XL: |  1  2  3  4  5  6  7  8  9 10 11 |
---------------+----------------------------------+-----
Fighting       | 4 5 6 7 8 |  8.7
Long Blades    | 4 5 6 8 9 |  9.8
Spellcasting   | 2 3 5 6 8 10 | 10.7
Dodging        | 1 2 4 5 |  5.0
Fire Magic     | 4 5 6 7 8 |  8.1
Stealth        | 1 2 |  2.0
Throwing       | 1 |  1.0
Shields        | 3 5 |  5.6
Short Blades   | |  0.1
Necromancy     | |  0.9

Action                     |  1- 3 |  4- 6 |  7- 9 | 10-12 || total
---------------------------+-------+-------+-------+-------++-------
  Melee: Falchion          |    55 |   104 |   268 |    12 ||   439
         Punch             |     1 |     4 |     4 |       ||     9
         Scimitar          |       |       |       |   174 ||   174
         Dagger            |       |       |       |     9 ||     9
  Throw: Javelin           |       |     5 |       |       ||     5
         Dart              |       |       |     8 |     3 ||    11
         Boomerang         |       |       |     1 |     1 ||     2
   Cast: Scorch            |     7 |    39 |   160 |   106 ||   312
         Vampiric Draining |       |       |       |     1 ||     1
 Invoke: Fiery Armour      |       |       |     5 |     3 ||     8
         Rising Flame      |       |       |       |     1 ||     1
Ability: Hop               |       |     1 |     1 |     1 ||     3
  Evoke: Wand              |       |       |       |     1 ||     1
    Use: Scroll            |       |     8 |     5 |       ||    13
         Potion            |       |       |     1 |     8 ||     9
   Stab: Petrified         |       |       |       |     6 ||     6
         Sleeping          |       |       |       |     1 ||     1
 Armour: Robe              |    25 |    34 |   115 |    58 ||   232
  Dodge: Dodged            |    23 |    77 |   268 |    97 ||   465
  Block: Kite shield       |       |       |       |   256 ||   256
